 Dungeon Crawl Stone Soup version 0.30.1-4-g462c640d31 (webtiles) character file.

Game seed: 10603908419748550288

68 Bobit the Grasshopper (level 4, 0/38 HPs)
             Began as a Gnoll Warper on Aug 15, 2023.
             Slain by a cerulean imp
             ... wielding a +2 spear
             ... summoned by Natasha
              (4 damage)
             ... on level 2 of the Dungeon.
             The game lasted 00:03:56 (1035 turns).

Bobit the Grasshopper (Gnoll Warper)                Turns: 1035, Time: 00:03:57

Health: 0/38       AC:  7    Str: 11    XL:     4   Next: 19%
Magic:  11/11      EV: 13    Int: 12    God:
Gold:   81         SH:  0    Dex: 13    Spells: 13/13 levels left

rFire   . . .        n - +3 dagger
rCold   . . .        (no shield)
rNeg    . . .        b - +0 leather armour
rPois   .            (no helmet)
rElec   .            (no cloak)
rCorr   .            (no gloves)
SInv    .            (no boots)
Will    .....        (no amulet)
Stlth   +            e - +4 ring of protection
HPRegen 0.26/turn    f - ring of wizardry
MPRegen 0.12/turn

%: wizardry (x1)
@: slowed, very slow
A: fangs 1, strong nose, distributed training
a: no special abilities


You were on level 2 of the Dungeon.
You visited 1 branch of the dungeon, and saw 2 of its levels.

You collected 81 gold pieces.

Inventory:

Hand Weapons
 a - a +0 falchion
 n - a +3 dagger (weapon)
Missiles
 d - 7 boomerangs of dispersal (quivered)
Armour
 b - a +0 leather armour (worn)
Jewellery
 e - a +4 ring of protection (left hand)
 f - a ring of wizardry (right hand)
 k - a ring of willpower
Scrolls
 c - a scroll of blinking
 h - 4 scrolls of identify {unknown}
 o - a scroll of fear {unknown}
Potions
 g - a potion of might {unknown}
 i - a potion of haste {unknown}
 j - 2 potions of heal wounds {unknown}
 l - a potion of mutation {unknown}
 m - 3 potions of cancellation {unknown}


   Skills:
 + Level 4.6 Fighting
 + Level 1.1 Short Blades
 + Level 4.6 Long Blades
 + Level 1.1 Axes
 + Level 1.1 Maces & Flails
 + Level 1.1 Polearms
 + Level 1.1 Staves
 + Level 1.1 Ranged Weapons
 + Level 2.7 Throwing
 + Level 2.7 Armour
 + Level 4.6 Dodging
 + Level 1.1 Stealth
 + Level 1.1 Shields
 + Level 1.1 Unarmed Combat
 + Level 5.0 Spellcasting
 + Level 0.8 Conjurations
 + Level 0.8 Hexes
 + Level 0.8 Summonings
 + Level 0.8 Necromancy
 + Level 5.4 Translocations
 + Level 0.8 Transmutations
 + Level 0.8 Fire Magic
 + Level 0.8 Ice Magic
 + Level 0.8 Air Magic
 + Level 0.8 Earth Magic
 + Level 0.8 Poison Magic
 + Level 1.2 Invocations
 + Level 1.1 Evocations


You had 13 spell levels left.
You didn't know any spells.
Your spell library contained the following spells:

 Spells                   Type           Power      Damage    Failure   Level
 Blink                    Tloc           32%        N/A       1%          2
 Lesser Beckoning         Tloc           32%        N/A       1%          2
 Teleport Other           Tloc           16%        N/A       3%          3
 Magic Dart               Conj           20%        1d4       8%          1
 Vhi's Electric Charge    Tloc/Air       20%        N/A       9%          3
 Searing Ray              Conj           10%        2d4       11%         2
 Manifold Assault         Tloc           16%        N/A       11%         4
 Fulminant Prism          Conj/Hex       2%         3d5       54%         4


Dungeon Overview and Level Annotations

Branches:
Dungeon (2/15)

Altars:

Annotations:
D:2 Natasha


Innate Abilities, Weirdness & Mutations

You have very sharp teeth.
Your uncanny sense of smell can sniff out nearby items.
Your experience applies equally to all skills.


Message History

Natasha is severely wounded.
Natasha mumbles some strange words.
The endoplasm misses you. The cerulean imp closely misses you.
The cerulean imp hits you but does no damage.
Natasha misses you. The endoplasm closely misses you.
The cerulean imp hits you but does no damage.
You closely miss Natasha.
Natasha is severely wounded.
The cerulean imp barely misses you. Natasha closely misses you.
The endoplasm closely misses you. The cerulean imp misses you.
The cerulean imp closely misses you.
The cerulean imp hits you but does no damage.
You hit Natasha.
Natasha is almost dead.
Natasha barely misses you.
The endoplasm hits you but does no damage.
The cerulean imp hits you with a +0 spear.
The cerulean imp hits you but does no damage. x2
The endoplasm hits you but does no damage.
Natasha claws you.
The cerulean imp hits you but does no damage.
You closely miss Natasha.
Natasha is almost dead.
The cerulean imp disappears in a puff of smoke!
The cerulean imp misses you.
Natasha hisses.
Natasha claws you. The endoplasm freezes you.
You are frozen.
* * * LOW HITPOINT WARNING * * *
The cerulean imp hits you but does no damage.
The cerulean imp hits you with a +2 spear.
* * * LOW HITPOINT WARNING * * *
You barely miss Natasha.
Natasha is almost dead.
Natasha stares at you and mumbles some strange words.
You resist with some effort. The endoplasm misses you.
The cerulean imp barely misses you.
The cerulean imp hits you with a +2 spear.
You die...

### #..∆ .. #### .# # #.
#...########§##.####.
#.....$..............
#.).......5Jh§...##.
#...####..5@######..
######...##....### #.#### .....#
#....### #.<..##..
.....####......# ##.........
..........####.# ###..........
......##### #..####............
.......# ##..##......(......
.....#.#######........#.........
.....#....##...#.#..####...##...


You could see Natasha, 2 cerulean imps and an endoplasm.

Vanquished Creatures
  3 adders
  An orc (D:2)
  5 endoplasms
  A giant cockroach (D:1)
  9 goblins
  2 hobgoblins (D:1)
  2 jackals (D:1)
  A quokka (D:1)
  4 ball pythons
  4 frilled lizards (D:1)
  3 kobolds (D:1)
  2 rats (D:1)
37 creatures vanquished.

Notes
Turn   | Place    | Note
-------+----------+-------------------------------------------
     0 | D:1      | Bobit the Gnoll Warper began the quest for the Orb.
     0 | D:1      | Reached XP level 1. HP: 20/20 MP: 6/6
    85 | D:1      | Reached XP level 2. HP: 23/26 MP: 7/7
   452 | D:1      | Reached skill level 5 in Spellcasting
   452 | D:1      | Reached XP level 3. HP: 21/31 MP: 7/9
   789 | D:1      | Reached skill level 1 in Invocations
   862 | D:2      | Reached skill level 1 in Short Blades
   862 | D:2      | Reached skill level 1 in Axes
   862 | D:2      | Reached skill level 1 in Maces & Flails
   862 | D:2      | Reached skill level 1 in Polearms
   862 | D:2      | Reached skill level 1 in Staves
   862 | D:2      | Reached skill level 1 in Ranged Weapons
   862 | D:2      | Reached skill level 1 in Stealth
   862 | D:2      | Reached skill level 1 in Shields
   862 | D:2      | Reached skill level 1 in Unarmed Combat
   862 | D:2      | Reached skill level 1 in Evocations
   888 | D:2      | Reached XP level 4. HP: 32/38 MP: 11/11
  1022 | D:2      | Noticed Natasha
  1035 | D:2      | Slain by a cerulean imp

Illustrated notes

Levels and vault maps discovered:
D:1:      minmay_arrival_diagonal_passages, layout_loops_cross, minmay_bisected
D:2:      layout_rooms, uniq_natasha

Skill      XL: |  1  2  3 |
---------------+----------+-----
Spellcasting   | 5 |  5.0
Invocations    | 1 |  1.2
Short Blades   | 1 |  1.1
Axes           | 1 |  1.1
Maces & Flails | 1 |  1.1
Polearms       | 1 |  1.1
Staves         | 1 |  1.1
Ranged Weapons | 1 |  1.1
Stealth        | 1 |  1.1
Shields        | 1 |  1.1
Unarmed Combat | 1 |  1.1
Evocations     | 1 |  1.1
Fighting       | |  4.6
Long Blades    | |  4.6
Throwing       | |  2.7
Armour         | |  2.7
Dodging        | |  4.6
Conjurations   | |  0.8
Hexes          | |  0.8
Summonings     | |  0.8
Necromancy     | |  0.8
Translocations | |  5.4
Transmutations | |  0.8
Fire Magic     | |  0.8
Ice Magic      | |  0.8
Air Magic      | |  0.8
Earth Magic    | |  0.8
Poison Magic   | |  0.8

Action                     |  1- 3 |  4- 6 || total
---------------------------+-------+-------++-------
  Melee: Falchion          |    90 |       ||    90
         Bite              |     8 |     1 ||     9
         Dagger            |    15 |    23 ||    38
         Punch             |     1 |     1 ||     2
   Stab: Sleeping          |     3 |       ||     3
 Armour: Leather armour    |    39 |    16 ||    55
  Dodge: Dodged            |    81 |    25 ||   106
